Map: Ruins of Endion

Players

capac

  • Race: Terran Terran
  • League: Gold

Oggi - Winner!

  • Race: Zerg Zerg

VOD

Have the link to the VOD?

Description

Time

  • Played on: May 5, 2016, 2:29 p.m.
  • Length: 11:24
Show
View Real Time Build Order
Export as new Build Order

capac Terran 

Build Orders: Reaper Expand, MMM Bio 

Get SALT Encoding   

  12  0:00  SCV  
  13  0:13  SCV  
  14  0:21  Supply Depot  
  14  0:25  SCV  
  15  0:41  Refinery  
  15  0:42  SCV  
  16  0:45  Barracks  
  16  0:54  SCV  
  17  1:06  SCV  
  18  1:18  SCV  
  19  1:31  Orbital Command  
  19  1:33  Reaper  
  20  1:45  Command Center  
  20  1:53  Supply Depot  
  20  1:57  SCV  
  21  2:05  Marine  
  22  2:11  Factory  
  22  2:13  SCV  
  23  2:21  Barracks  
  23  2:25  Barracks Reactor  
  23  2:28  SCV  
  24  2:41  SCV  
  24  2:44  Refinery  
  25  2:53  SCV  
  25  2:56  Factory Tech Lab  
  26  3:09  Starport, Marine  
  26  3:10  Marine  
  27  3:14  Barracks Tech Lab  
  27  3:15  Barracks  
  26  3:24  Bunker  
  26  3:27  Marine x2  
  28  3:38  SCV  
  28  3:49  SCV  
  28  3:51  SCV  
  28  3:53  Stimpack  
  30  4:00  Starport Reactor  
  30  4:01  Medivac  
  32  4:11  Barracks Reactor  
  32  4:13  SCV  
  32  4:15  Refinery  
  32  4:16  Orbital Command  
  32  4:17  Marine x3  
  36  4:25  SCV  
  37  4:34  Starport Reactor  
  37  4:37  Marine x2, SCV  
  42  4:38  Marauder  
  42  4:41  SCV  
  43  4:47  Marine x2  
  43  4:48  Engineering Bay  
  45  4:58  Marine  
  46  5:03  Supply Depot  
  46  5:04  Marine  
  47  5:07  SCV x2  
  47  5:08  Marine x2  
  47  5:09  Marauder  
  53  5:22  SCV  
  53  5:25  SCV, Medivac x2  
  53  5:26  Supply Depot  
  53  5:28  Supply Depot  
  59  5:32  Marine x3  
  62  5:47  Marauder, Marine, SCV x2  
  67  5:50  Marine x3  
  67  5:51  Supply Depot  
  70  5:58  Combat Shields  
  70  6:04  Liberator x2  
  70  6:05  Marine  
  70  6:09  Marauder  
  73  6:12  SCV x2  
  73  6:14  Refinery  
  75  6:18  Marine x2  
  75  6:19  Marine  
  75  6:24  SCV x2  
  86  6:27  Supply Depot  
  86  6:32  Marauder  
  88  6:38  SCV x2  
  88  6:39  Marine x4  
  94  7:04  Liberator x2  
  78  7:14  Marine x5  
  80  7:20  Siege Tank  
  85  7:32  Marine  
  45  7:39  Marine x4  
  49  7:49  Marine  
  50  7:56  Marine  
  50  7:57  Marine  
  52  7:59  Orbital Command  
  52  8:14  Marine x2, Liberator  
  52  8:15  Marine  
  55  8:22  SCV  
  55  8:24  SCV  
  57  8:32  Command Center  
  60  8:34  SCV  
  48  9:03  Orbital Command  
  38  9:21  Marine x3  
  38  9:22  Marine  
  42  9:25  SCV  
  43  9:37  SCV  
  42  10:06  Marine x2  
  43  10:09  SCV  
  44  10:16  SCV  
  45  10:28  Orbital Command  
  45  10:34  SCV  
  45  10:35  SCV  
  47  10:48  Marine  
  47  10:49  Marine, Barracks Reactor  
  49  10:51  Marauder  
Show
View Real Time Build Order
Export as new Build Order

Oggi Zerg - Winner!

Build Orders: 3 Hatch before Pool, Muta Ling Bane 

Get SALT Encoding   

  12  0:01  Drone  
  13  0:12  Overlord  
  13  0:18  Drone  
  14  0:31  Drone x2  
  16  0:39  Drone  
  17  0:49  Drone  
  18  0:59  Hatchery, Drone  
  18  1:07  Drone  
  19  1:25  Drone  
  20  1:28  Drone  
  21  1:32  Hatchery  
  21  1:36  Extractor  
  21  1:39  Drone  
  20  1:45  Spawning Pool  
  19  1:49  Drone  
  20  2:03  Drone  
  21  2:14  Overlord  
  21  2:16  Drone  
  22  2:23  Drone x2  
  24  2:33  Zergling x2  
  24  2:36  Queen x2  
  29  2:45  Zergling x2  
  29  2:46  Zergling x2  
  29  2:49  Drone x2  
  33  2:59  Drone x3  
  36  3:05  Drone  
  36  3:06  Drone  
  36  3:07  Drone  
  39  3:22  Metabolic Boost  
  39  3:24  Drone x2  
  41  3:30  Overlord  
  41  3:48  Queen  
  42  3:52  Drone  
  42  3:53  Drone x6  
  49  3:59  Extractor  
  49  4:01  Extractor  
  49  4:02  Extractor, Drone  
  47  4:03  Drone x2  
  49  4:11  Overlord  
  49  4:22  Evolution Chamber  
  48  4:27  Evolution Chamber  
  48  4:31  Zergling x12  
  48  4:32  Overlord  
  48  4:33  Overlord x2  
  53  4:39  Lair  
  53  4:43  Baneling Nest  
  52  4:49  Zerg Melee Weapons Level 1  
  52  4:53  Zerg Ground Armor Level 1  
  52  4:55  Drone  
  52  4:56  Drone x3  
  52  4:59  Drone  
  57  5:00  Drone x5  
  62  5:18  Drone x3  
  65  5:37  Centrifical Hooks  
  65  5:45  Hatchery  
  64  5:56  Zergling x18  
  73  6:06  Baneling x6  
  73  6:11  Zergling x2  
  73  6:12  Zergling x14  
  73  6:13  Overlord x2  
  79  6:33  Baneling  
  79  6:34  Baneling x9  
  78  6:40  Zergling x2  
  78  6:41  Zergling x28  
  78  6:42  Zergling x4  
  91  6:52  Zergling x2  
  82  7:08  Zergling x2  
  82  7:09  Zergling x12  
  74  7:48  Zergling x12  
  74  7:49  Zergling x34  
  84  8:11  Zergling x2  
  84  8:12  Zergling x18  
  90  8:18  Zerg Melee Weapons Level 2  
  90  8:19  Zerg Ground Armor Level 2  
  90  8:23  Baneling x3  
  90  8:24  Baneling x24  
  90  8:28  Spire  
  89  8:37  Zergling x2  
  89  8:38  Zergling x14  
  77  9:00  Hatchery  
  69  9:08  Zergling x2  
  69  9:09  Zergling x22  
  66  9:30  Zergling x2  
  67  9:41  Mutalisk  
  67  9:42  Mutalisk x7  
  79  9:54  Zergling x20  
  79  9:56  Baneling x11  
  79  9:58  Baneling x3  
  79  9:59  Mutalisk x4  
  91  10:04  Extractor  
  91  10:05  Extractor  
  91  10:07  Drone x5  
  98  10:09  Mutalisk  
  102  10:19  Mutalisk  
  104  10:28  Drone x3  
  106  10:29  Mutalisk  
Tags
 
Add a new tag
Caveats
  • Supply blocks, unpowered buildings, or Contaminate may cause inaccurate times.
  • Supply counts are checked every 10 seconds.